 Dungeon Crawl Stone Soup version 0.20.1-1-g8b1a95d (webtiles) character file.

2539 TheGuigne the Destroyer (level 9, 56/56 HPs)
             Began as a Gargoyle Conjurer on Aug 22, 2017.
             Was a Priest of Vehumet.
             Quit the game on level 8 of the Dungeon.
             The game lasted 00:28:52 (9490 turns).

TheGuigne the Destroyer (Gargoyle Conjurer)         Turns: 9490, Time: 00:28:53

Health: 56/56      AC: 13    Str: 11    XL:     9   Next: 55%
Magic:  19/19      EV: 12    Int: 20    God:    Vehumet [***...]
Gold:   301        SH:  0    Dex: 10    Spells: 7/21 levels left

rFire    . . .     SeeInvis .   I - +0 shortbow
rCold    + . .     Gourm    .   (shield currently unavailable)
rNeg     + . .     Faith    .   d - +2 leather armour {rC+}
rPois    ∞         Spirit   .   y - +1 helmet
rElec    +         Reflect  .   (no cloak)
rCorr    .         Harm     .   p - +0 pair of gloves
MR       .....                  (no boots)
Stlth    ++........             (no amulet)
Regen    0.2/turn               (no ring)
MPRegen  0.2/turn               x - ring of wizardry

@: no status effects
A: negative energy resistance 1, electricity resistance, unbreathing,
petrification resistance, rot immunity, AC +5
a: Renounce Religion


You were on level 8 of the Dungeon.
You worshipped Vehumet.
Vehumet was most pleased with you.
You were not hungry.

You visited 1 branch of the dungeon, and saw 8 of its levels.

You collected 301 gold pieces.

Inventory:

Hand Weapons
 a - a +0 whip
 e - a +0 dagger
 I - a +0 shortbow (weapon)
Missiles
 l - 5 stones
 H - 2 tomahawks
 J - 27 arrows (quivered)
Armour
 d - a +2 leather armour of cold resistance (worn)
 n - a +1 robe
 p - a +0 pair of gloves (worn)
 y - a +1 helmet (worn)
 C - a +0 leather armour of fire resistance
Jewellery
 x - a ring of wizardry (right hand)
Wands
 j - a wand of flame (45/48)
 v - a wand of iceblast (9/15)
 D - a wand of flame (22/48)
Scrolls
 f - 2 scrolls of enchant armour
 g - a scroll of magic mapping
 q - 2 scrolls of amnesia
 z - a scroll of noise {unknown}
 A - 4 scrolls of remove curse
 B - 2 scrolls of teleportation
 F - a scroll of identify
Potions
 b - 2 potions of heal wounds {unknown}
 h - 2 potions of agility
 i - 3 potions of lignification
 k - a potion of mutation {unknown}
 o - a potion of curing {unknown}
 r - 2 potions of degeneration {unknown}
 s - 2 potions of resistance {unknown}
 u - a potion of haste {unknown}
 w - a potion of might {unknown}
 E - a potion of cancellation {unknown}
Books
 t - a book of Conjurations

   Spells                             Type                      Level
   a - Magic Dart                     Conjuration                  1
   b - Searing Ray                    Conjuration                  2
   c - Dazzling Spray                 Conjuration/Hexes            3
   d - Fulminant Prism                Conjuration/Hexes            4
   e - Force Lance                    Conjuration/Translocation    4
   f - Iskenderun's Mystic Blast      Conjuration                  4
Comestibles
 c - 5 bread rations
 m - a fruit


   Skills:
 - Level 6.7 Fighting
 + Level 2.5 Dodging
 - Level 2.4 Stealth
 + Level 6.8 Spellcasting
 - Level 8.3 Conjurations
 - Level 2.1 Hexes
 * Level 4.1 Earth Magic


You had 7 spell levels left.
You knew the following spells:

 Your Spells              Type           Power        Failure   Level  Hunger
a - Magic Dart            Conj           ####         1%          1    None
b - Searing Ray           Conj           #####.       1%          2    None
c - Iskenderun's Mystic   Conj           #####...     1%          4    ###....
d - Fulminant Prism       Conj/Hex       ####......   1%          4    ###....
e - Stone Arrow           Conj/Erth      ####..       1%          3    #......


Dungeon Overview and Level Annotations

Branches:
Dungeon (8/15)             Temple (0/1) D:4
   Lair: D:8-11

Altars:
Dithmenos
Elyvilon
Hepliaklqana
Nemelex Xobeh
Sif Muna
Vehumet
The Shining One


Innate Abilities, Weirdness & Mutations

You are resistant to torment.
Your stone body is resilient. (AC +5)
You are immune to poison.
You resist negative energy. (rN+)
You are resistant to electric shocks. (rElec)
You can survive without breathing.
You are immune to petrification.
You are immune to rotting.


Message History

The searing ray hits the scorpion.
The scorpion is moderately wounded. (Press . to maintain the ray.)
The searing ray hits the scorpion.
The scorpion is heavily wounded.
The scorpion stings you but does no damage.
The searing ray hits the scorpion.
You kill the scorpion!
Vehumet accepts your kill.
You feel your power returning.
Your Earth Magic skill increases to level 4!
You finish channeling your searing ray.
You start resting.
Magic restored.
Casting: Searing Ray
Confirm with . or Enter, or press ? or * to list all spells.
Okay, then.
Quiver which item? (- for none, * to show all) (? for menu, Esc to quit)
Okay, then.
Are you sure you want to abandon this character and quit the game? (Confirm with "yes".)

*,,,*** *,,,,,************
**,,,,,,**,,,,,,,*
*,***,,**,,,,,<,*** *,*
*,,**,,,,,,..,*********
*,***,,**,,*,,..#,,,,#,,,,,
*,,***,,,,###,..####..,,,,,
**,* *,,,##.##.......#,,,,,
*,***,,*#@.)##......,,,,,,
*,,**,,.##.#(.)((c..,,,,,,
**,**,,..###...##..#***,,,
*,****#..#.....#,.##.,,**
*,** #....##.5#..g..****
*,,** ##.......%.#*,,,,**
**,,* ###...<)###***,,,*
**,* ##..........*,,,
*,*****#..##.......**,,


There were no monsters in sight!

Vanquished Creatures
  A hungry ghost (D:7)
  The ghost of furman the Shooter, an amateur TeHu (D:3)
  An orc warrior (D:7)
  An ice beast (D:7)
  A sky beast (D:7)
  A necrophage (D:5)
  6 centaurs
  An ogre (D:8)
  3 bullfrogs
  A scorpion (D:8)
  5 wights (D:7)
  3 howler monkeys (D:7)
  2 crimson imps
  3 hounds
  A bullfrog skeleton (D:4)
  2 orc priests
  2 orc wizards
  Jessica (D:5)
  4 worker ants
  A mummy (D:6)
  7 adders
  8 gnolls
  2 shadow imps
  2 oozes (D:2)
  An adder skeleton (D:7)
  An adder zombie (D:7)
  5 worms
  12 dart slugs
  5 leopard geckos
  22 orcs
  8 giant cockroaches
  7 goblins
  8 hobgoblins
  12 jackals
  3 quokkas
  2 ball pythons
  7 bats
  4 frilled lizards
  2 hobgoblin zombies (D:6)
  7 kobolds
  3 leopard gecko skeletons
  2 orc zombies (D:6)
  10 rats
181 creatures vanquished.

Vanquished Creatures (others)
  2 fulminant prisms (D:7)
2 creatures vanquished.

Grand Total: 183 creatures vanquished

Notes
Turn   | Place    | Note
-------+----------+-------------------------------------------
     0 | D:1      | TheGuigne the Gargoyle Conjurer began the quest for the Orb.
     0 | D:1      | Reached XP level 1. HP: 10/10 MP: 3/3
   298 | D:1      | Reached XP level 2. HP: 15/15 MP: 3/5
   470 | D:1      | Learned a level 2 spell: Searing Ray
   615 | D:1      | Reached skill level 5 in Conjurations
  1337 | D:2      | Reached XP level 3. HP: 8/19 MP: 2/6
  1656 | D:2      | Reached XP level 4. HP: 21/24 MP: 1/7
  1801 | D:2      | Reached skill level 6 in Conjurations
  2538 | D:2      | Found a white marble altar of Elyvilon.
  2544 | D:2      | Reached XP level 5. HP: 28/28 MP: 1/8
  3191 | D:3      | Found a radiant altar of Vehumet.
  3303 | D:3      | Became a worshipper of Vehumet
  3515 | D:3      | Noticed furman's ghost (amateur TeHu)
  3518 | D:3      | Killed furman's ghost
  3518 | D:3      | Reached skill level 7 in Conjurations
  3518 | D:3      | Reached XP level 6. HP: 32/32 MP: 4/9
  3838 | D:3      | Found a glowing golden altar of the Shining One.
  3901 | D:3      | Reached skill level 8 in Conjurations
  4259 | D:4      | Reached skill level 1 in Fighting
  4382 | D:4      | Reached * piety under Vehumet
  4382 | D:4      | Offered knowledge of Freeze by Vehumet.
  4588 | D:4      | Found a hazy altar of Hepliaklqana.
  4705 | D:4      | Found a staircase to the Ecumenical Temple.
  4770 | D:4      | Reached XP level 7. HP: 31/39 MP: 4/11
  5139 | D:5      | Entered Level 5 of the Dungeon
  5724 | D:5      | Found a shadowy altar of Dithmenos.
  5833 | D:5      | Noticed Jessica
  5839 | D:5      | Killed Jessica
  5847 | D:5      | Found a deep blue altar of Sif Muna.
  6474 | D:6      | Learned a level 4 spell: Iskenderun's Mystic Blast
  6633 | D:6      | Reached XP level 8. HP: 38/48 MP: 0/14
  6948 | D:6      | Offered knowledge of Throw Frost by Vehumet.
  6948 | D:6      | Reached skill level 5 in Fighting
  6997 | D:6      | Reached ** piety under Vehumet
  7129 | D:6      | Reached skill level 5 in Spellcasting
  7554 | D:7      | Learned a level 4 spell: Fulminant Prism
  7628 | D:7      | Found a sparkling altar of Nemelex Xobeh.
  7749 | D:7      | Reached skill level 1 in Hexes
  8248 | D:7      | Reached XP level 9. HP: 56/56 MP: 12/18
  8384 | D:7      | Offered knowledge of Stone Arrow by Vehumet.
  8390 | D:7      | Learned a level 3 spell: Stone Arrow
  8406 | D:7      | Reached skill level 1 in Earth Magic
  9342 | D:8      | Reached *** piety under Vehumet
  9490 | D:8      | Quit the game

Skill      XL: |  1  2  3  4  5  6  7  8  9 |
---------------+----------------------------+-----
Conjurations   | 5 6 7 8 |  8.3
Fighting       | 1 4 6 |  6.7
Spellcasting   | 4 6 |  6.8
Hexes          | 1 2 |  2.1
Earth Magic    | 4 |  4.1
Dodging        | 2 |  2.5
Stealth        | |  2.4

Action                   |  1- 3 |  4- 6 |  7- 9 || total
-------------------------+-------+-------+-------++-------
Melee: Dagger            |    27 |    10 |       ||    37
       Whip              |       |    15 |       ||    15
       Hunting sling     |       |       |     1 ||     1
 Fire: Hunting sling     |       |       |   102 ||   102
       Shortbow          |       |       |    32 ||    32
 Cast: Magic Dart        |    62 |   136 |    53 ||   251
       Searing Ray       |     5 |    16 |    47 ||    68
       Iskenderun's Myst |       |       |     4 ||     4
       Fulminant Prism   |       |       |     2 ||     2
       Stone Arrow       |       |       |     6 ||     6
  Use: Scroll            |       |     7 |     4 ||    11
 Stab: Sleeping          |       |     1 |       ||     1
  Eat: Chunk             |     4 |    12 |    14 ||    30
       Fruit             |       |       |     2 ||     2
       Bread ration      |       |       |     1 ||     1
Armor: Robe              |     8 |    13 |       ||    21
       Leather armour    |       |     7 |   105 ||   112
Dodge: Dodged            |    26 |    61 |    93 ||   180
